 Dungeon Crawl Stone Soup version 0.21-a0-401-g0b6bec4 (webtiles) character file.

9492 kae the Geomancer (level 11, -5/81 HPs)
             Began as a Gargoyle Earth Elementalist on Oct 23, 2017.
             Was an Elder of Vehumet.
             Slain by a spiny frog (9 damage)
             ... on level 1 of the Lair of Beasts.
             The game lasted 00:13:33 (12204 turns).

kae the Geomancer (Gargoyle Earth Elementalist)    Turns: 12204, Time: 00:13:34

Health: -5/81      AC: 25    Str: 11    XL:     11   Next: 47%
Magic:  14/24      EV:  2    Int: 20    God:    Vehumet [****..]
Gold:   715        SH:  0    Dex: 10    Spells: 17/29 levels left

rFire    + . .     SeeInvis .   t - +0 whip (freeze)
rCold    + . .     Gourm    .   (no shield)
rNeg     + + +     Faith    .   (armour currently unavailable)
rPois    ∞         Spirit   .   (helmet currently unavailable)
rElec    +         Reflect  .   (cloak currently unavailable)
rCorr    +         Harm     .   (gloves currently unavailable)
MR       .....     NoTele   +   (boots currently unavailable)
Stlth    ++........             (no amulet)
HPRegen  0.23/turn              (no ring)
MPRegen  0.19/turn              G - ring of positive energy

@: tree-form (expiring), resistant
A: negative energy resistance 1, petrification resistance, rot immunity, AC +8
a: Renounce Religion


You were on level 1 of the Lair of Beasts.
You worshipped Vehumet.
Vehumet was greatly pleased with you.
You were very hungry.
You were a tree.
You visited 3 branches of the dungeon, and saw 11 of its levels.
You also visited: Ossuary.

You collected 715 gold pieces.

Inventory:

Hand Weapons
 f - a +1 club
 t - a +0 whip of freezing (weapon)
Missiles
 b - 39 stones (quivered)
 C - 5 throwing nets
Armour
 c - a +0 robe (melded)
 n - a +0 cloak (melded)
 s - a +0 helmet (melded)
 B - a +1 pair of gloves (melded)
Jewellery
 G - a ring of positive energy (right branch)
Wands
 m - a wand of acid (9/15)
 w - a wand of digging (8/24)
 x - a wand of flame (1/48)
 y - a wand of random effects (37/48)
 H - a wand of polymorph (13/24)
 I - a wand of lightning (8/15)
Scrolls
 g - 11 scrolls of teleportation
 j - 3 scrolls of magic mapping
 k - 3 scrolls of fog
 p - 7 scrolls of remove curse
 u - a scroll of identify
 v - 2 scrolls of recharging
 E - 5 scrolls of amnesia
Potions
 h - a potion of haste
 r - 3 potions of cancellation
 A - a potion of curing
 D - a potion of magic
 F - a potion of brilliance
Books
 e - a book of Geomancy

   Spells                             Type                      Level
   a - Sandblast                      Earth                        1
   b - Passwall                       Transmutation/Earth          2
   c - Stone Arrow                    Conjuration/Earth            3
   d - Petrify                        Transmutation/Earth          4
   e - Lee's Rapid Deconstruction     Earth                        5
Comestibles
 a - a royal jelly
 d - 11 bread rations
 l - 5 meat rations
 z - a fruit


   Skills:
 - Level 1.5 Dodging
 - Level 2.1 Stealth
 + Level 9.7 Spellcasting
 + Level 10.8 Conjurations
   Level 0.7 Transmutations
 + Level 12.5 Earth Magic


You had 17 spell levels left.
You knew the following spells:

 Your Spells              Type           Power        Failure   Level  Hunger
a - Sandblast             Erth           ######       1%          1    None
b - Stone Arrow           Conj/Erth      ######       1%          3    None
c - Lee's Rapid Deconstr  Erth           ######....   1%          5    #####..
d - Inner Flame           Hex/Fire       #.......     6%          3    None


Dungeon Overview and Level Annotations

Branches:
Dungeon (9/15)             Temple (1/1) D:4            Lair (1/6) D:9
    Orc: D:9-12

Altars:
Ashenzari
Cheibriados
Dithmenos
Elyvilon
Fedhas
Gozag
Hepliaklqana
Kikubaaqudgha
Makhleb
Nemelex Xobeh
Okawaru
Sif Muna
Trog
Uskayaw
Vehumet
Wu Jian
Xom
Yredelemnul
The Shining One

Shops:
D:8 %   D:9 }


Innate Abilities, Weirdness & Mutations

You are resistant to torment.
((Your stone body is resilient. (AC +8)))
You are immune to poison.
You resist negative energy. (rN+)
((You are resistant to electric shocks. (rElec)))
((You can survive without breathing.))
You are immune to petrification.
You are immune to rotting.
((You are partially covered in icy blue scales. (AC +2)))


Message History

Confirm with . or Enter, or press ? or * to list all spells.
Aiming: Sandblast
Press: ? - help, Shift-Dir - straight line, f - spiny frog
Aim: a spiny frog The blast of sand hits the spiny frog.
The spiny frog is moderately wounded.
b - 40 stones The spiny frog barely misses you.
Casting: Sandblast
Confirm with . or Enter, or press ? or * to list all spells.
Aiming: Sandblast
Press: ? - help, Shift-Dir - straight line, f/p - spiny frog
Aim: a spiny frog (moderately wounded)
The blast of sand hits the spiny frog.
The spiny frog is almost dead.
b - 39 stones The spiny frog stings you.
* * * LOW HITPOINT WARNING * * *
The spiny frog stings you!
You die...

≈≈≈≈≈≈............#
..≈≈≈≈≈≈≈≈≈...........#
..≈≈≈≈≈≈≈≈≈...........#
#.≈≈≈≈.≈≈≈≈≈###.#..####
#.≈≈≈.>.≈≈≈.# #.####
#.≈≈≈≈..≈≈≈.###.#
#.≈≈≈≈≈≈≈≈≈.##..#
###.≈≈≈≈≈≈≈≈≈.##.##
.##.≈≈≈≈≈≈≈≈.###♣#
....≈...≈...## #F#
###.....##.## ...
##.##.....+ .%%.%
##########..%..%.
.....%%.. #......%.%#
##....%%..#


You could see a spiny frog.

Vanquished Creatures
  2 two-headed ogres
  2 wolf spider zombies (D:8)
  Pikel (D:7)
  A deep elf mage (D:9)
  2 centaur skeletons (D:8)
  2 hellwings
  A queen bee (Lair:1)
  Prince Ribbit (D:7)
  A hippogriff (D:9)
  2 water moccasins (Lair:1)
  A porcupine (D:9)
  An ice beast (D:6)
  A sky beast (D:8)
  2 orc warriors
  A slave (D:7)
  7 ogres
  A phantom (D:4)
  A necrophage (D:8)
  5 centaurs
  3 bullfrogs
  A big kobold (D:9)
  A wyvern skeleton (D:8)
  5 scorpions
  25 killer bees (Lair:1)
  3 wights (D:8)
  3 howler monkeys
  5 crimson imps
  6 jellies
  Crazy Yiuf (D:3)
  2 orc priests
  2 hounds
  5 orc wizards
  5 iguanas
  3 worker ants
  A hound zombie (D:5)
  A hound skeleton (D:5)
  3 mummies (Ossuary)
  2 worker ant zombies
  Robin (D:3)
  3 gnolls (D:2)
  7 adders
  7 shadow imps
  8 oozes (D:4)
  6 adder zombies
  An adder skeleton (D:4)
  2 worms (D:6)
  3 dart slugs
  8 leopard geckos
  18 orcs
  4 bats
  2 giant cockroaches
  8 goblins
  7 hobgoblins
  2 jackals (D:1)
  15 kobolds
  A quokka (D:2)
  2 ball pythons
  7 frilled lizards
  4 goblin zombies (Ossuary)
  4 hobgoblin zombies (Ossuary)
  A kobold zombie (Ossuary)
  2 leopard gecko skeletons (D:4)
  A quokka skeleton (D:9)
  3 quokka zombies (Ossuary)
  6 rats
  2 rat zombies (Ossuary)
  2 fungi
249 creatures vanquished.

Vanquished Creatures (others)
  A crimson imp (D:7)
  A bullfrog skeleton (D:7)
  6 fungi (D:4)
  2 toadstools (D:4)
10 creatures vanquished.

Grand Total: 259 creatures vanquished

Notes
Turn   | Place    | Note
-------+----------+-------------------------------------------
     0 | D:1      | kae the Gargoyle Earth Elementalist began the quest for the Orb.
     0 | D:1      | Reached XP level 1. HP: 10/10 MP: 3/3
   539 | D:1      | Reached skill level 4 in Earth Magic
   539 | D:1      | Reached XP level 2. HP: 10/15 MP: 3/5
  1329 | D:1      | Reached XP level 3. HP: 19/19 MP: 4/6
  1367 | D:1      | Found a glowing golden altar of the Shining One.
  2004 | D:2      | Learned a level 3 spell: Stone Arrow
  2020 | D:2      | Reached XP level 4. HP: 24/24 MP: 3/8
  2277 | D:2      | Found a shadowy altar of Dithmenos.
  3103 | D:3      | Noticed Robin
  3114 | D:3      | Reached skill level 5 in Earth Magic
  3380 | D:3      | Reached skill level 1 in Conjurations
  3426 | D:3      | Killed Robin
  3664 | D:3      | Found a runed door.
  3674 | D:3      | Noticed Crazy Yiuf
  3685 | D:3      | Killed Crazy Yiuf
  3685 | D:3      | Reached XP level 5. HP: 23/28 MP: 0/10
  3768 | D:4      | Found a hazy altar of Hepliaklqana.
  3769 | D:4      | Found an ancient bone altar of Kikubaaqudgha.
  3804 | D:4      | Found a hide-covered altar of Uskayaw.
  3804 | D:4      | Found a bloodstained altar of Trog.
  3804 | D:4      | Found a sparkling altar of Nemelex Xobeh.
  3883 | D:4      | Found a staircase to the Ecumenical Temple.
  3885 | D:4      | Noticed a phantom
  3904 | D:4      | Noticed an ogre
  3907 | Temple   | Entered the Ecumenical Temple
  4076 | D:4      | Killed a phantom
  4386 | D:4      | Killed an ogre
  4386 | D:4      | Reached XP level 6. HP: 32/32 MP: 5/12
  4526 | D:4      | Reached skill level 6 in Earth Magic
  5034 | D:4      | Found a radiant altar of Vehumet.
  5034 | D:4      | Found a burning altar of Makhleb.
  5037 | D:4      | Reached XP level 7. HP: 36/36 MP: 9/13
  5049 | D:4      | Became a worshipper of Vehumet
  5146 | D:5      | Entered Level 5 of the Dungeon
  5185 | D:5      | Learned a level 5 spell: Lee's Rapid Deconstruction
  5204 | D:5      | Found a snail-covered altar of Cheibriados.
  5376 | D:5      | Reached skill level 5 in Spellcasting
  5376 | D:5      | Reached skill level 7 in Earth Magic
  5617 | D:5      | Reached XP level 8. HP: 39/41 MP: 10/15
  6077 | D:5      | Reached skill level 5 in Conjurations
  6124 | D:5      | Reached * piety under Vehumet
  6124 | D:5      | Offered knowledge of Shock by Vehumet.
  6553 | D:6      | Reached skill level 8 in Earth Magic
  7092 | D:6      | Reached XP level 9. HP: 45/45 MP: 5/18
  7616 | D:7      | Found a blossoming altar of Fedhas.
  7616 | D:7      | Noticed Prince Ribbit
  7622 | D:7      | Killed Prince Ribbit
  7622 | D:7      | Reached skill level 9 in Earth Magic
  7804 | D:7      | Noticed Pikel
  7815 | D:7      | Killed Pikel
  8572 | D:8      | Found Emimejal's Food Shoppe.
  8589 | D:8      | Noticed a two-headed ogre
  8598 | D:8      | Killed a two-headed ogre
  8598 | D:8      | Reached ** piety under Vehumet
  8598 | D:8      | Offered knowledge of Flame Tongue by Vehumet.
  8598 | D:8      | Reached skill level 10 in Earth Magic
  8598 | D:8      | Reached XP level 10. HP: 50/50 MP: 10/21
  9100 | D:8      | Found a sand-covered staircase.
  9109 | Ossuary  | Entered an ossuary
  9297 | Ossuary  | Offered knowledge of Inner Flame by Vehumet.
  9305 | Ossuary  | Learned a level 3 spell: Inner Flame
  9539 | D:8      | Reached *** piety under Vehumet
  9539 | D:8      | Reached skill level 11 in Earth Magic
 10761 | D:9      | Gained mutation: You are partially covered in icy blue scales. (AC +2) [potion of mutation]
 10761 | D:9      | Gained mutation: You are clumsy. (Dex -2) [potion of mutation]
 10761 | D:9      | Lost mutation: You are clumsy. (Dex -2) [potion of mutation]
 11008 | D:9      | Reached skill level 10 in Conjurations
 11008 | D:9      | Reached XP level 11. HP: 54/54 MP: 16/24
 11171 | D:9      | Found Vaevuk's Gadget Shoppe.
 11298 | D:9      | Noticed a two-headed ogre
 11305 | D:9      | Killed a two-headed ogre
 11305 | D:9      | Reached skill level 12 in Earth Magic
 11521 | D:9      | Offered knowledge of Static Discharge by Vehumet.
 11652 | D:9      | Noticed a deep elf mage
 11655 | D:9      | Killed a deep elf mage
 11819 | D:9      | Found a staircase to the Lair.
 11880 | Lair:1   | Entered Level 1 of the Lair of Beasts
 12177 | Lair:1   | HP: 2/81 [killer bee (4)]
 12192 | Lair:1   | Reached **** piety under Vehumet
 12200 | Lair:1   | Offered knowledge of Throw Icicle by Vehumet.
 12204 | Lair:1   | HP: 4/81 [spiny frog (3)]
 12204 | Lair:1   | Slain by a spiny frog

Vault maps used:
D:1:      minmay_arrival_widening_spiral_wide, minmay_misc_feat_doors, tso_altar
D:2:      nicolae_overflow_hidden_temple, first_bread, minmay_gold_behind_fungi
D:3:      minmay_vboxes, uniq_crazy_yiuf_cottage, uniq_robin
D:4:      cheibrodos_fertilizer, grunt_temple_overflow_lords_of_destruction,
          grunt_temple_overflow_open, minmay_temple_entry_overgrown
D:5:      minmay_tree_intersection, kennysheep_slug_shrine
D:7:      minmay_misc_feat_secret_circle, grunt_ogre_cave, fedhas_altar_1,
          uniq_pikel, uniq_prince_ribbit1
D:8:      cheibrodos_grave_circle, serial_shops, nicolae_shop_waterfront,
          enter_ossuary_1
D:9:      grunt_lair_entry_orc_guard_hut, serial_shops, shop,
          guppyfry_early_elven_hall
Temple:   dpeg_three_leaves_temple
Lair:1:   beast_lair_carwin_4, grunt_megastairs_2, infiniplex_staircase_pool_2,
          minmay_lair_oklob_chamber
Ossuary:  ossuary_minmay_chase

Skill      XL: |  1  2  3  4  5  6  7  8  9 10 11 |
---------------+----------------------------------+-----
Earth Magic    | 4 5 6 7 8 10 11 12 | 12.5
Spellcasting   | 3 4 5 6 7 9 |  9.7
Conjurations   | 1 2 3 4 6 8 10 | 10.8
Dodging        | |  1.5
Stealth        | |  2.1
Transmutations | |  0.7

Action                   |  1- 3 |  4- 6 |  7- 9 | 10-12 || total
-------------------------+-------+-------+-------+-------++-------
Melee: Unarmed           |    14 |       |       |       ||    14
       Club              |    77 |   180 |   143 |       ||   400
       Whip              |       |       |    61 |   203 ||   264
 Cast: Sandblast         |    19 |    43 |    60 |   171 ||   293
       Stone Arrow       |       |     5 |    38 |    46 ||    89
  Use: Scroll            |     5 |     4 |    12 |     6 ||    27
       Potion            |       |       |       |    12 ||    12
 Stab: Sleeping          |     7 |     1 |     3 |     1 ||    12
       Distracted        |       |       |     1 |       ||     1
  Eat: Chunk             |     4 |     5 |    12 |     8 ||    29
       Meat ration       |       |     1 |       |       ||     1
       Royal jelly       |       |       |       |     1 ||     1
       Fruit             |       |       |       |     1 ||     1
Armor: Robe              |    38 |    70 |   128 |   216 ||   452
       Skin              |       |       |       |    93 ||    93
Dodge: Dodged            |    68 |   116 |   163 |   301 ||   648

Table legend:
 A = Spawn XP
 B = Non-spawn XP
 C = Spawn XP percentage of total XP
 D = Spawn monster count
 E = Non-spawn monster count
 F = Spawn count percentage of total count
 G = Total turns spent on level
                    A         B        C        D         E        F      G
               +---------+---------+-------+---------+---------+-------+---------
         Total |       0 |   13560 |   0.0 |       0 |     246 |   0.0 | 12204
               +---------+---------+-------+---------+---------+-------+---------
           D:1 |       0 |      38 |   0.0 |       0 |      19 |   0.0 |  1677
           D:2 |       0 |      71 |   0.0 |       0 |      14 |   0.0 |   886
           D:3 |       0 |      83 |   0.0 |       0 |      15 |   0.0 |  1202
           D:4 |       0 |     539 |   0.0 |       0 |      25 |   0.0 |  1220
           D:5 |       0 |     927 |   0.0 |       0 |      27 |   0.0 |  1352
           D:6 |       0 |     775 |   0.0 |       0 |      18 |   0.0 |  1261
           D:7 |       0 |    1697 |   0.0 |       0 |      14 |   0.0 |   976
           D:8 |       0 |    4630 |   0.0 |       0 |      45 |   0.0 |  1735
           D:9 |       0 |    2538 |   0.0 |       0 |      20 |   0.0 |  1124
        Lair:1 |       0 |    2172 |   0.0 |       0 |      28 |   0.0 |   324
       Ossuary |       0 |      90 |   0.0 |       0 |      21 |   0.0 |   286
               +---------+---------+-------+---------+---------+-------+---------
